Arizona Coyotes vs Ottawa Senators

Created - mardi 22 janvier 2019 at 19:00

Goals
1 2 3 T
Arizona Coyotes 2 1 2 5
Ottawa Senators 0 1 0 1
Shots
1 2 3 T
Arizona Coyotes 13 13 18 44
Ottawa Senators 4 20 10 34

1st period

1. Arizona Coyotes , Leon Draisaitl 20 (Zac Rinaldo 1) at 11:48
2. Arizona Coyotes , Max Domi 9 (Ryan Sproul 7, Anthony Duclair 16) at 19:16

Penalties :
Tomas Hertl (ARI) for Diving (Minor) at 0:22

2nd period

3. Ottawa Senators , Dylan Larkin 18 (Charlie Coyle 11) at 9:00
4. Arizona Coyotes , Jordan Martinook 7 (Thomas Hickey 14, Louis Domingue) at 17:51

Penalties :
No Penalty

3rd period

5. Arizona Coyotes , Johnny Boychuk 4 (Leon Draisaitl 28, Tomas Hertl 16) at 1:26 (PP)
6. Arizona Coyotes , Leon Draisaitl 21 (Tomas Hertl 17) at 15:42 (SH)

Penalties :
Nail Yakupov (OTT) for Hooking (Minor) at 1:15, Tomas Hertl (ARI) for Tripping (Minor) at 4:19, Jamie McGinn (ARI) for Holding (Minor) at 14:43

Goalie Stats

Louis Domingue (ARI), 33 saves from 34 shots - (0.971), W, 6-5-2, 60:00 minutes
Ben Bishop (OTT), 39 saves from 44 shots - (0.886), L, 32-13-5, 60:00 minutes

Players Stats for Arizona Coyotes

Player Name              G  A  P  +/- PIM S  H  SB GA TA FO     MP     PP MP  PK MP  
------------------------------------------------------------------------------------
Adam Clendening          0  0  0   1  0   2  1  1  1  1  0/0    14:02   0:00   0:00 
Alex Goligoski           0  0  0   0  0   0  2  0  0  0  0/0    26:28   0:11   2:50 
Anthony Duclair          0  1  1   1  0   4  0  0  1  0  0/1    17:44   0:00   1:00 
Christian Fischer        0  0  0   0  0   1  4  0  0  0  0/3    17:49   0:11   2:31 
Dylan Strome             0  0  0   1  0   1  2  0  1  0  3/4     8:39   0:00   0:00 
Jamie McGinn             0  0  0   1  2   4  1  0  1  0  1/2    15:33   0:00   0:00 
Johnny Boychuk           1  0  1   0  0   2  1  1  0  1  0/0    26:28   0:11   2:50 
Jordan Martinook         1  0  1   0  0   4  3  0  0  1  5/14   14:39   0:00   0:07 
Leon Draisaitl           2  1  3   1  0   5  0  1  0  0  9/17   18:30   0:11   3:07 
Luke Schenn              0  0  0   2  0   0  3  0  0  0  0/0    19:30   0:00   3:07 
Martin Hanzal            0  0  0   1  0   0  2  0  0  0  0/0     8:39   0:00   0:00 
Max Domi                 1  0  1   1  0   9  1  1  0  2  11/26  18:00   0:00   2:31 
Nick Cousins             0  0  0   0  0   4  1  0  3  0  1/2    15:30   0:00   1:41 
Peter Holland            0  0  0   1  0   0  1  0  0  0  0/0     8:39   0:00   0:00 
Ryan Sproul              0  1  1   1  0   1  0  0  0  1  0/0    14:02   0:00   0:00 
Thomas Hickey            0  1  1   2  0   2  1  0  0  0  0/0    19:30   0:00   3:07 
Tomas Hertl              0  2  2   1  4   3  2  0  2  1  0/1    17:01   0:11   0:57 
Zac Rinaldo              0  1  1   0  0   2  0  0  0  0  0/1    13:17   0:00   0:00 

Players Stats for Ottawa Senators

Player Name              G  A  P  +/- PIM S  H  SB GA TA FO     MP     PP MP  PK MP  
------------------------------------------------------------------------------------
Brandon Saad             0  0  0  -1  0   4  1  0  1  2  1/3    18:50   2:43   0:00 
Brayden Schenn           0  0  0  -3  0   0  3  1  0  0  11/16  17:25   2:43   0:00 
Charlie Coyle            0  1  1   0  0   2  3  0  0  0  1/1    18:25   2:43   0:00 
Chris Wideman            0  0  0  -1  0   1  4  1  0  2  0/0    16:47   2:36   0:00 
Cody Ceci                0  0  0  -1  0   1  2  1  0  0  0/0    20:01   0:00   0:11 
Dion Phaneuf             0  0  0   1  0   4  0  2  0  3  0/0    22:41   0:00   0:11 
Dylan Larkin             1  0  1   1  0   4  3  1  1  0  12/24  18:40   3:09   0:00 
Erik Karlsson            0  0  0  -3  0   1  0  3  0  0  0/0    19:28   3:21   0:00 
Jean-Gabriel Pageau      0  0  0   0  0   2  4  1  1  0  6/12   15:23   0:05   0:11 
Mark Stone               0  0  0  -2  0   2  2  0  0  0  1/1    17:05   3:09   0:00 
Michael Cammalleri       0  0  0  -1  0   3  2  2  1  0  5/9    11:25   0:05   0:00 
Nail Yakupov             0  0  0  -1  2   2  1  0  0  0  1/1     9:57   0:00   0:00 
Nikita Kucherov          0  0  0  -2  0   2  2  1  0  1  1/2    17:16   3:09   0:11 
Ryan Dzingel             0  0  0   0  0   1  3  0  1  0  0/0    14:43   0:05   0:00 
Sami Vatanen             0  0  0   0  0   3  1  1  1  0  0/0    21:26   3:21   0:00 
Thomas Chabot            0  0  0  -1  0   0  0  1  1  1  0/0    16:47   2:36   0:00 
Tom Pyatt                0  0  0   0  0   2  0  0  0  0  1/1    13:31   0:00   0:00 
Tyson Jost               0  0  0  -1  0   0  1  0  0  0  1/1     9:58   0:00   0:00 

3 Stars

1 - Leon Draisaitl (ARI)
2 - Louis Domingue (ARI)
3 - Max Domi (ARI)

Power Play

Arizona Coyotes - 1 on 1 Attempt(s) - 100.00%
Ottawa Senators - 0 on 3 Attempt(s) - 0.00%

Penalty Kill

Arizona Coyotes - 3 on 3 Attempt(s) - 100.00% - Score 1 goal in Penalty Kill
Ottawa Senators - 0 on 1 Attempt(s) - 0.00% - Score 0 goal in Penalty Kill

Team Stat

Arizona Coyotes - Hits : 25 - Faceoff Wins : 30 - Blocked Shots : 4 - Penalty Minutes : 6
Ottawa Senators - Hits : 32 - Faceoff Wins : 41 - Blocked Shots : 15 - Penalty Minutes : 2

Official

Referees : Tom Chmielewski and Graham Skilliter
Linesman : Devin Berg and Brian Mach

Game Notes

No Game Note

Finance

Level 1 -- Attendance: 8090 (76.32%) -- Ticket Income fr. 647'200
Level 2 -- Attendance: 1893 (86.05%) -- Ticket Income fr. 123'045
Level 3 -- Attendance: 2830 (76.49%) -- Ticket Income fr. 99'050
Level 4 -- Attendance: 1450 (100.00%) -- Ticket Income fr. 29'000
Luxury Box -- Attendance: 46 (92.00%) -- Ticket Income fr. 9'200
Game was played at the Canadian Tire Centre.
Total Attendance: 14309 (79.49%)
Total Ticket Income: fr. 907'495
Total Income: fr. 907'495

Arizona Coyotes

5 vs 5 Forward 
   Center                   Left Wing                Right Wing               Time % Phy DF OF 
 1 Leon Draisaitl           Tomas Hertl              Christian Fischer        30     1   2  2  
 2 Max Domi                 Jamie McGinn             Anthony Duclair          30     1   2  2  
 3 Jordan Martinook         Nick Cousins             Zac Rinaldo              25     1   2  2  
 4 Dylan Strome             Peter Holland            Martin Hanzal            15     1   2  2  

5 vs 5 Defense 
   Defense                  Defense                                           Time % Phy DF OF 
 1 Alex Goligoski           Johnny Boychuk                                    30     1   2  2  
 2 Thomas Hickey            Luke Schenn                                       30     1   2  2  
 3 Ryan Sproul              Adam Clendening                                   25     1   2  2  
 4 Alex Goligoski           Johnny Boychuk                                    15     1   2  2  

PowerPlay Forward 
   Center                   Left Wing                Right Wing               Time % Phy DF OF 
 1 Leon Draisaitl           Tomas Hertl              Christian Fischer        50     1   2  2  
 2 Max Domi                 Jamie McGinn             Anthony Duclair          50     1   2  2  

PowerPlay Defense
   Defense                  Defense                                           Time % Phy DF OF 
 1 Alex Goligoski           Johnny Boychuk                                    50     1   2  2  
 2 Thomas Hickey            Luke Schenn                                       50     1   2  2  

Penalty Kill 4 Players Forward 
   Center                   Wing                     Time % Phy DF OF 
 1 Leon Draisaitl           Tomas Hertl              50     1   2  2  
 2 Max Domi                 Christian Fischer        50     1   2  2  

Penalty Kill 4 Players Defense
   Defense                  Defense                  Time % Phy DF OF 
 1 Alex Goligoski           Johnny Boychuk           50     1   2  2  
 2 Thomas Hickey            Luke Schenn              50     1   2  2  

Penalty Kill - 3 Players Forward 
   Forward                                           Time % Phy DF OF 
 1 Leon Draisaitl                                    50     1   2  2  
 2 Tomas Hertl                                       50     1   2  2  

Penalty Kill - 3 Players Defense
   Defense                  Defense                  Time % Phy DF OF 
 1 Alex Goligoski           Adam Clendening          50     1   2  2  
 2 Thomas Hickey            Luke Schenn              50     1   2  2  

4 vs 4 Forward 
   Center                   Wing                     Time % Phy DF OF 
 1 Leon Draisaitl           Tomas Hertl              50     1   2  2  
 2 Max Domi                 Christian Fischer        50     1   2  2  

4 vs 4 Defense
   Defense                  Defense                  Time % Phy DF OF 
 1 Alex Goligoski           Ryan Sproul              50     1   2  2  
 2 Thomas Hickey            Luke Schenn              50     1   2  2  

Last Minutes Offensive
   Center                   Left Wing                Right Wing               Defense                  Defense                  
   Leon Draisaitl           Tomas Hertl              Christian Fischer        Alex Goligoski           Johnny Boychuk           

Last Minutes Defensive
   Center                   Left Wing                Right Wing               Defense                  Defense                  
   Leon Draisaitl           Tomas Hertl              Christian Fischer        Alex Goligoski           Johnny Boychuk           

Goaltenders
Starting : Louis Domingue           
Backup : Devan Dubnyk             

Extra Forwards
Normal : Peter Holland, Jordan Martinook, Nick Cousins - PP : Peter Holland, Jordan Martinook - PK : Nick Cousins
Extra Defensemen
Normal : Ryan Sproul, Adam Clendening, Thomas Hickey - PP : Ryan Sproul - PK : Adam Clendening, Thomas Hickey
Penalty Shots
Leon Draisaitl, Tomas Hertl, Max Domi, Christian Fischer, Jamie McGinn
Custom OT Lines Forwards
Leon Draisaitl, Tomas Hertl, Max Domi, Christian Fischer, Jamie McGinn, Anthony Duclair, Jordan Martinook, Nick Cousins, Dylan Strome, Peter Holland
Custom OT Lines Defensemen
Alex Goligoski, Johnny Boychuk, Thomas Hickey, Luke Schenn, Ryan Sproul

Scratches
Brad Richardson (Left Ankle Injury), Jakob Chychrun (Bruised Left Shoulder Injury), Nicholas Merkley (Healthy)

Ottawa Senators

5 vs 5 Forward 
   Center                   Left Wing                Right Wing               Time % Phy DF OF 
 1 Brayden Schenn           Nikita Kucherov          Mark Stone               28     0   2  3  
 2 Dylan Larkin             Brandon Saad             Charlie Coyle            28     0   2  3  
 3 Jean-Gabriel Pageau      Tom Pyatt                Ryan Dzingel             25     0   3  2  
 4 Michael Cammalleri       Nail Yakupov             Tyson Jost               19     0   4  1  

5 vs 5 Defense 
   Defense                  Defense                                           Time % Phy DF OF 
 1 Erik Karlsson            Cody Ceci                                         31     0   3  2  
 2 Dion Phaneuf             Sami Vatanen                                      30     0   3  2  
 3 Chris Wideman            Thomas Chabot                                     25     0   4  1  
 4 Cody Ceci                Dion Phaneuf                                      14     0   4  1  

PowerPlay Forward 
   Center                   Left Wing                Right Wing               Time % Phy DF OF 
 1 Dylan Larkin             Nikita Kucherov          Mark Stone               50     0   0  5  
 2 Brayden Schenn           Brandon Saad             Charlie Coyle            50     0   0  5  

PowerPlay Defense
   Defense                  Defense                                           Time % Phy DF OF 
 1 Erik Karlsson            Sami Vatanen                                      50     0   1  4  
 2 Thomas Chabot            Chris Wideman                                     50     0   1  4  

Penalty Kill 4 Players Forward 
   Center                   Wing                     Time % Phy DF OF 
 1 Jean-Gabriel Pageau      Nikita Kucherov          50     0   5  0  
 2 Michael Cammalleri       Brayden Schenn           50     0   5  0  

Penalty Kill 4 Players Defense
   Defense                  Defense                  Time % Phy DF OF 
 1 Dion Phaneuf             Cody Ceci                50     0   5  0  
 2 Erik Karlsson            Sami Vatanen             50     0   5  0  

Penalty Kill - 3 Players Forward 
   Forward                                           Time % Phy DF OF 
 1 Jean-Gabriel Pageau                               50     0   5  0  
 2 Michael Cammalleri                                50     0   5  0  

Penalty Kill - 3 Players Defense
   Defense                  Defense                  Time % Phy DF OF 
 1 Dion Phaneuf             Cody Ceci                50     0   5  0  
 2 Erik Karlsson            Sami Vatanen             50     0   5  0  

4 vs 4 Forward 
   Center                   Wing                     Time % Phy DF OF 
 1 Dylan Larkin             Nikita Kucherov          50     0   2  3  
 2 Brayden Schenn           Mark Stone               50     0   2  3  

4 vs 4 Defense
   Defense                  Defense                  Time % Phy DF OF 
 1 Erik Karlsson            Cody Ceci                50     0   2  3  
 2 Dion Phaneuf             Sami Vatanen             50     0   2  3  

Last Minutes Offensive
   Center                   Left Wing                Right Wing               Defense                  Defense                  
   Brayden Schenn           Nikita Kucherov          Mark Stone               Erik Karlsson            Sami Vatanen             

Last Minutes Defensive
   Center                   Left Wing                Right Wing               Defense                  Defense                  
   Jean-Gabriel Pageau      Dylan Larkin             Charlie Coyle            Dion Phaneuf             Cody Ceci                

Goaltenders
Starting : Ben Bishop               
Backup : Andrew Hammond           

Extra Forwards
Normal : Brayden Schenn, Dylan Larkin, Jean-Gabriel Pageau - PP : Charlie Coyle, Ryan Dzingel - PK : Jean-Gabriel Pageau
Extra Defensemen
Normal : Sami Vatanen, Thomas Chabot, Erik Karlsson - PP : Erik Karlsson - PK : Cody Ceci, Dion Phaneuf
Penalty Shots
Dylan Larkin, Mark Stone, Nikita Kucherov, Brayden Schenn, Brandon Saad
Custom OT Lines Forwards
Brayden Schenn, Dylan Larkin, Nikita Kucherov, Mark Stone, Charlie Coyle, Brandon Saad, Jean-Gabriel Pageau, Ryan Dzingel, Michael Cammalleri, Tom Pyatt
Custom OT Lines Defensemen
Erik Karlsson, Cody Ceci, Sami Vatanen, Dion Phaneuf, Thomas Chabot

Scratches
Nathan Beaulieu (Healthy), Christopher DiDomenico (Healthy)

% Time on Ice - Arizona Coyotes

Lines # - Real PCT - Wanted PCT - Time Play
Normal Forward
1 - 30% - 30% - 16:19
2 - 29% - 30% - 15:37
3 - 25% - 25% - 13:17
4 - 16% - 15% - 8:39
Normal Defense
1 - 30% - 30% - 16:16
2 - 30% - 30% - 16:23
3 - 26% - 25% - 14:02
4 - 13% - 15% - 7:11
PP Forward
1 - 100% - 50% - 0:11
2 - 0% - 50% - 0:00
PP Defense
1 - 100% - 50% - 0:11
2 - 0% - 50% - 0:00
PK Forward
1 - 56% - 50% - 3:20
2 - 44% - 50% - 2:37
PK Defense
1 - 48% - 50% - 2:50
2 - 52% - 50% - 3:07
PK3 Forward
1 - 0% - 50%
2 - 0% - 50%
PK3 Defense
1 - 0% - 50%
2 - 0% - 50%
44 Forward
1 - 0% - 50%
2 - 0% - 50%
44 Defense
1 - 0% - 50%
2 - 0% - 50%
Last Minute Offensive  - 0:00
Last Minute Defensive  - 0:00
Total
Forward - 60:00
Defense - 60:00

% Time on Ice - Ottawa Senators

Lines # - Real PCT - Wanted PCT - Time Play
Normal Forward
1 - 28% - 28% - 15:03
2 - 28% - 28% - 15:20
3 - 25% - 25% - 13:31
4 - 19% - 19% - 9:58
Normal Defense
1 - 31% - 31% - 16:43
2 - 31% - 30% - 16:47
3 - 26% - 25% - 13:47
4 - 12% - 14% - 6:35
PP Forward
1 - 54% - 50% - 3:14
2 - 46% - 50% - 2:43
PP Defense
1 - 56% - 50% - 3:21
2 - 44% - 50% - 2:36
PK Forward
1 - 100% - 50% - 0:11
2 - 0% - 50% - 0:00
PK Defense
1 - 100% - 50% - 0:11
2 - 0% - 50% - 0:00
PK3 Forward
1 - 0% - 50%
2 - 0% - 50%
PK3 Defense
1 - 0% - 50%
2 - 0% - 50%
44 Forward
1 - 0% - 50%
2 - 0% - 50%
44 Defense
1 - 0% - 50%
2 - 0% - 50%
Last Minute Offensive  - 0:00
Last Minute Defensive  - 0:00
Total
Forward - 60:00
Defense - 60:00

Play-by-Play

1st period


0:01 of 1st period - Brayden Schenn wins face-off versus Christian Fischer in neutral zone.
0:10 of 1st period - Snap shot by Mark Stone.
0:10 of 1st period - Shot Misses the Net.
0:12 of 1st period - Slapshot by Cody Ceci.
0:12 of 1st period - Shot Misses the Net.
0:14 of 1st period - Slapshot by Cody Ceci.
0:14 of 1st period - Stopped by Louis Domingue with a rebound.
0:16 of 1st period - Wrist shot by Mark Stone.
0:16 of 1st period - Stopped by Louis Domingue with a rebound.
0:22 of 1st period - Minor Penalty to Tomas Hertl for Diving.
0:23 of 1st period - Dylan Larkin wins face-off versus Leon Draisaitl in Arizona Coyotes zone.
0:30 of 1st period - Slapshot by Nikita Kucherov.
0:30 of 1st period - Stopped by Louis Domingue without a rebound.
0:31 of 1st period - Leon Draisaitl wins face-off versus Dylan Larkin in Arizona Coyotes zone.
1:17 of 1st period - Off-side.
1:18 of 1st period - Max Domi wins face-off versus Brayden Schenn in neutral zone.
2:22 of 1st period - Penalty to Tomas Hertl is over, Tomas Hertl is back on ice.
2:25 of 1st period - Tomas Hertl is hit by Chris Wideman.
3:51 of 1st period - Dion Phaneuf is hit by Luke Schenn and loses puck.
4:10 of 1st period - Brandon Saad is hit by Christian Fischer and loses puck.
4:25 of 1st period - Erik Karlsson is hit by Luke Schenn and loses puck.
4:51 of 1st period - Nikita Kucherov is hit by Martin Hanzal and loses puck.
4:58 of 1st period - Backhand shot by Dylan Strome.
4:58 of 1st period - Stopped by Ben Bishop with a rebound.
5:19 of 1st period - Anthony Duclair is hit by Ryan Dzingel.
5:29 of 1st period - Jordan Martinook is hit by Charlie Coyle and loses puck.
6:14 of 1st period - Brandon Saad is hit by Tomas Hertl.
6:47 of 1st period - Anthony Duclair is hit by Nikita Kucherov and loses puck.
6:54 of 1st period - Snap shot by Mark Stone.
6:54 of 1st period - Shot Blocked by Max Domi.
6:56 of 1st period - Slapshot by Sami Vatanen.
6:56 of 1st period - Stopped by Louis Domingue without a rebound.
6:57 of 1st period - Leon Draisaitl wins face-off versus Dylan Larkin in Arizona Coyotes zone.
7:12 of 1st period - Dylan Larkin is hit by Tomas Hertl and loses puck.
7:23 of 1st period - Brayden Schenn is hit by Dylan Strome and loses puck.
7:28 of 1st period - Slapshot by Dylan Strome.
7:28 of 1st period - Shot Blocked by Dylan Larkin.
8:16 of 1st period - Slapshot by Anthony Duclair.
8:16 of 1st period - Stopped by Ben Bishop without a rebound.
8:17 of 1st period - Max Domi wins face-off versus Jean-Gabriel Pageau in Ottawa Senators zone.
8:20 of 1st period - Snap shot by Max Domi.
8:20 of 1st period - Shot Misses the Net.
9:43 of 1st period - Adam Clendening is hit by Ryan Dzingel and loses puck.
10:25 of 1st period - Max Domi is hit by Nikita Kucherov and loses puck.
10:42 of 1st period - Erik Karlsson is hit by Nick Cousins and loses puck.
11:10 of 1st period - Thomas Hickey is hit by Mark Stone and loses puck.
11:33 of 1st period - Tom Pyatt is hit by Jordan Martinook and loses puck.
11:48 of 1st period - Slapshot by Leon Draisaitl.
11:48 of 1st period - Goal by Leon Draisaitl - Arizona Coyotes : 1 - Ottawa Senators : 0.
11:49 of 1st period - Max Domi wins face-off versus Brandon Saad in neutral zone.
11:58 of 1st period - Wrist shot by Max Domi.
11:58 of 1st period - Stopped by Ben Bishop with a rebound.
12:00 of 1st period - Wrist shot by Anthony Duclair.
12:00 of 1st period - Stopped by Ben Bishop with a rebound.
12:02 of 1st period - Snap shot by Jamie McGinn.
12:02 of 1st period - Stopped by Ben Bishop with a rebound.
12:04 of 1st period - Snap shot by Jamie McGinn.
12:04 of 1st period - Stopped by Ben Bishop without a rebound.
12:05 of 1st period - Brayden Schenn wins face-off versus Leon Draisaitl in Ottawa Senators zone.
12:23 of 1st period - Icing by Dion Phaneuf.
12:24 of 1st period - Brayden Schenn wins face-off versus Max Domi in Ottawa Senators zone.
12:28 of 1st period - Off-side.
12:29 of 1st period - Dylan Larkin wins face-off versus Max Domi in neutral zone.
13:55 of 1st period - Wrist shot by Zac Rinaldo.
13:55 of 1st period - Stopped by Ben Bishop without a rebound.
13:56 of 1st period - Max Domi wins face-off versus Dylan Larkin in Ottawa Senators zone.
14:03 of 1st period - Anthony Duclair is hit by Dylan Larkin.
14:56 of 1st period - Wrist shot by Jean-Gabriel Pageau.
14:56 of 1st period - Shot Misses the Net.
15:28 of 1st period - Snap shot by Max Domi.
15:28 of 1st period - Stopped by Ben Bishop with a rebound.
16:26 of 1st period - Michael Cammalleri is hit by Peter Holland and loses puck.
16:33 of 1st period - Luke Schenn is hit by Michael Cammalleri and loses puck.
16:44 of 1st period - Thomas Hickey is hit by Chris Wideman and loses puck.
17:21 of 1st period - Luke Schenn is hit by Jean-Gabriel Pageau and loses puck.
17:44 of 1st period - Slapshot by Leon Draisaitl.
17:44 of 1st period - Stopped by Ben Bishop with a rebound.
17:46 of 1st period - Snap shot by Tomas Hertl.
17:46 of 1st period - Shot Misses the Net.
17:48 of 1st period - Wrist shot by Tomas Hertl.
17:48 of 1st period - Stopped by Ben Bishop without a rebound.
17:49 of 1st period - Nick Cousins wins face-off versus Dylan Larkin in Ottawa Senators zone.
18:00 of 1st period - Snap shot by Jordan Martinook.
18:00 of 1st period - Stopped by Ben Bishop with a rebound.
18:10 of 1st period - Jordan Martinook is hit by Charlie Coyle.
18:33 of 1st period - Ryan Sproul is hit by Sami Vatanen and loses puck.
19:14 of 1st period - Snap shot by Anthony Duclair.
19:14 of 1st period - Shot Blocked by Nikita Kucherov.
19:16 of 1st period - Snap shot by Ryan Sproul.
19:16 of 1st period - Deflect By Max Domi.
19:16 of 1st period - Goal by Max Domi - Arizona Coyotes : 2 - Ottawa Senators : 0.
19:17 of 1st period - Dylan Larkin wins face-off versus Max Domi in neutral zone.
19:44 of 1st period - Nikita Kucherov is hit by Martin Hanzal and loses puck.
Goals for this period are 2 for Arizona Coyotes vs 0 for Ottawa Senators.
Shots for this period are 13 for Arizona Coyotes vs 4 for Ottawa Senators.

2nd period


0:01 of 2nd period - Jean-Gabriel Pageau wins face-off versus Leon Draisaitl in neutral zone.
0:14 of 2nd period - Slapshot by Dion Phaneuf.
0:14 of 2nd period - Deflect By Tomas Hertl.
0:14 of 2nd period - Stopped by Louis Domingue without a rebound.
0:15 of 2nd period - Dylan Larkin wins face-off versus Jordan Martinook in Arizona Coyotes zone.
0:49 of 2nd period - Wrist shot by Mark Stone.
0:49 of 2nd period - Shot Misses the Net.
1:13 of 2nd period - Wrist shot by Max Domi.
1:13 of 2nd period - Shot Blocked by Dion Phaneuf.
1:25 of 2nd period - Snap shot by Jean-Gabriel Pageau.
1:25 of 2nd period - Stopped by Louis Domingue with a rebound.
1:33 of 2nd period - Slapshot by Sami Vatanen.
1:33 of 2nd period - Stopped by Louis Domingue without a rebound.
1:34 of 2nd period - Dylan Larkin wins face-off versus Leon Draisaitl in Arizona Coyotes zone.
1:39 of 2nd period - Snap shot by Dylan Larkin.
1:39 of 2nd period - Stopped by Louis Domingue with a rebound.
1:41 of 2nd period - Snap shot by Brandon Saad.
1:41 of 2nd period - Stopped by Louis Domingue with a rebound.
1:49 of 2nd period - Snap shot by Charlie Coyle.
1:49 of 2nd period - Stopped by Louis Domingue with a rebound.
1:59 of 2nd period - Erik Karlsson is hit by Thomas Hickey.
2:16 of 2nd period - Icing by Nick Cousins.
2:17 of 2nd period - Mark Stone wins face-off versus Jordan Martinook in Arizona Coyotes zone.
2:36 of 2nd period - Snap shot by Mark Stone.
2:36 of 2nd period - Shot Misses the Net.
3:00 of 2nd period - Wrist shot by Charlie Coyle.
3:00 of 2nd period - Stopped by Louis Domingue with a rebound.
3:02 of 2nd period - Wrist shot by Brandon Saad.
3:02 of 2nd period - Shot Blocked by Leon Draisaitl.
3:27 of 2nd period - Off-side.
3:28 of 2nd period - Michael Cammalleri wins face-off versus Jordan Martinook in neutral zone.
3:39 of 2nd period - Wrist shot by Zac Rinaldo.
3:39 of 2nd period - Stopped by Ben Bishop with a rebound.
3:53 of 2nd period - Jamie McGinn is hit by Charlie Coyle and loses puck.
3:57 of 2nd period - Icing by Adam Clendening.
3:58 of 2nd period - Max Domi wins face-off versus Dylan Larkin in Arizona Coyotes zone.
4:09 of 2nd period - Wrist shot by Max Domi.
4:09 of 2nd period - Stopped by Ben Bishop with a rebound.
4:11 of 2nd period - Wrist shot by Max Domi.
4:11 of 2nd period - Stopped by Ben Bishop with a rebound.
4:15 of 2nd period - Wrist shot by Jamie McGinn.
4:15 of 2nd period - Deflect By Anthony Duclair.
4:15 of 2nd period - Deflect By Dylan Larkin.
4:15 of 2nd period - Shot Blocked by Chris Wideman.
4:15 of 2nd period - Puck is out of play.
4:16 of 2nd period - Leon Draisaitl wins face-off versus Jean-Gabriel Pageau in Ottawa Senators zone.
4:20 of 2nd period - Icing by Dion Phaneuf.
4:21 of 2nd period - Tom Pyatt wins face-off versus Christian Fischer in Ottawa Senators zone.
4:52 of 2nd period - Slapshot by Jordan Martinook.
4:52 of 2nd period - Shot Blocked by Cody Ceci.
4:54 of 2nd period - Slapshot by Adam Clendening.
4:54 of 2nd period - Shot Blocked by Dion Phaneuf.
4:56 of 2nd period - Wrist shot by Nick Cousins.
4:56 of 2nd period - Shot Misses the Net.
6:28 of 2nd period - Snap shot by Dylan Larkin.
6:28 of 2nd period - Stopped by Louis Domingue with a rebound.
7:09 of 2nd period - Johnny Boychuk is hit by Jean-Gabriel Pageau and loses puck.
7:16 of 2nd period - Snap shot by Ryan Dzingel.
7:16 of 2nd period - Shot Misses the Net.
7:18 of 2nd period - Slapshot by Sami Vatanen.
7:18 of 2nd period - Deflect By Ryan Dzingel.
7:18 of 2nd period - Stopped by Louis Domingue with a rebound.
7:34 of 2nd period - Snap shot by Alex Goligoski.
7:34 of 2nd period - Shot Misses the Net.
7:44 of 2nd period - Jamie McGinn is hit by Cody Ceci and loses puck.
8:03 of 2nd period - Snap shot by Michael Cammalleri.
8:03 of 2nd period - Stopped by Louis Domingue with a rebound.
8:05 of 2nd period - Wrist shot by Michael Cammalleri.
8:05 of 2nd period - Shot Misses the Net.
8:21 of 2nd period - Backhand shot by Leon Draisaitl.
8:21 of 2nd period - Stopped by Ben Bishop with a rebound.
8:23 of 2nd period - Slapshot by Ryan Sproul.
8:23 of 2nd period - Stopped by Ben Bishop without a rebound.
8:24 of 2nd period - Brayden Schenn wins face-off versus Jordan Martinook in Ottawa Senators zone.
8:51 of 2nd period - Thomas Hickey is hit by Dylan Larkin and loses puck.
8:58 of 2nd period - Wrist shot by Dylan Larkin.
8:58 of 2nd period - Stopped by Louis Domingue with a rebound.
9:00 of 2nd period - Slapshot by Dylan Larkin.
9:00 of 2nd period - Goal by Dylan Larkin - Arizona Coyotes : 2 - Ottawa Senators : 1.
9:01 of 2nd period - Jean-Gabriel Pageau wins face-off versus Jamie McGinn in neutral zone.
10:46 of 2nd period - Snap shot by Jean-Gabriel Pageau.
10:46 of 2nd period - Shot Misses the Net.
10:48 of 2nd period - Slapshot by Tom Pyatt.
10:48 of 2nd period - Stopped by Louis Domingue with a rebound.
10:57 of 2nd period - Icing by Leon Draisaitl.
10:58 of 2nd period - Dylan Larkin wins face-off versus Tomas Hertl in Arizona Coyotes zone.
11:13 of 2nd period - Wrist shot by Dylan Larkin.
11:13 of 2nd period - Shot Misses the Net.
11:45 of 2nd period - Snap shot by Nick Cousins.
11:45 of 2nd period - Shot Misses the Net.
11:47 of 2nd period - Snap shot by Jordan Martinook.
11:47 of 2nd period - Stopped by Ben Bishop with a rebound.
11:49 of 2nd period - Backhand shot by Luke Schenn.
11:49 of 2nd period - Shot Misses the Net.
11:51 of 2nd period - Slapshot by Thomas Hickey.
11:51 of 2nd period - Shot Misses the Net.
11:53 of 2nd period - Snap shot by Nick Cousins.
11:53 of 2nd period - Stopped by Ben Bishop without a rebound.
11:54 of 2nd period - Dylan Strome wins face-off versus Dylan Larkin in Ottawa Senators zone.
12:03 of 2nd period - Slapshot by Dion Phaneuf.
12:03 of 2nd period - Stopped by Louis Domingue with a rebound.
12:52 of 2nd period - Wrist shot by Jordan Martinook.
12:52 of 2nd period - Shot Blocked by Brayden Schenn.
12:54 of 2nd period - Slapshot by Thomas Hickey.
12:54 of 2nd period - Stopped by Ben Bishop without a rebound.
12:55 of 2nd period - Michael Cammalleri wins face-off versus Leon Draisaitl in Ottawa Senators zone.
12:55 of 2nd period - Michael Cammalleri is hit by Christian Fischer.
13:01 of 2nd period - Leon Draisaitl is hit by Tyson Jost and loses puck.
13:06 of 2nd period - Snap shot by Michael Cammalleri.
13:06 of 2nd period - Stopped by Louis Domingue with a rebound.
13:08 of 2nd period - Slapshot by Dion Phaneuf.
13:08 of 2nd period - Deflect By Nail Yakupov.
13:08 of 2nd period - Stopped by Louis Domingue without a rebound.
13:09 of 2nd period - Brandon Saad wins face-off versus Max Domi in Arizona Coyotes zone.
13:20 of 2nd period - Wrist shot by Brandon Saad.
13:20 of 2nd period - Stopped by Louis Domingue with a rebound.
13:22 of 2nd period - Slapshot by Brandon Saad.
13:22 of 2nd period - Stopped by Louis Domingue with a rebound.
13:24 of 2nd period - Snap shot by Brandon Saad.
13:24 of 2nd period - Stopped by Louis Domingue without a rebound.
13:25 of 2nd period - Brayden Schenn wins face-off versus Jordan Martinook in Arizona Coyotes zone.
13:50 of 2nd period - Christian Fischer is hit by Cody Ceci.
13:55 of 2nd period - Icing by Leon Draisaitl.
13:56 of 2nd period - Leon Draisaitl wins face-off versus Jean-Gabriel Pageau in Arizona Coyotes zone.
14:03 of 2nd period - Wrist shot by Tomas Hertl.
14:03 of 2nd period - Shot Misses the Net.
14:33 of 2nd period - Snap shot by Leon Draisaitl.
14:33 of 2nd period - Shot Misses the Net.
15:15 of 2nd period - Leon Draisaitl is hit by Jean-Gabriel Pageau.
15:35 of 2nd period - Slapshot by Jean-Gabriel Pageau.
15:35 of 2nd period - Shot Misses the Net.
15:37 of 2nd period - Slapshot by Dion Phaneuf.
15:37 of 2nd period - Stopped by Louis Domingue without a rebound.
15:38 of 2nd period - Jamie McGinn wins face-off versus Brandon Saad in Arizona Coyotes zone.
17:16 of 2nd period - Luke Schenn is hit by Chris Wideman and loses puck.
17:27 of 2nd period - Anthony Duclair is hit by Brayden Schenn and loses puck.
17:51 of 2nd period - Wrist shot by Jordan Martinook.
17:51 of 2nd period - Goal by Jordan Martinook - Arizona Coyotes : 3 - Ottawa Senators : 1.
17:52 of 2nd period - Jordan Martinook wins face-off versus Michael Cammalleri in neutral zone.
18:01 of 2nd period - Slapshot by Nick Cousins.
18:01 of 2nd period - Stopped by Ben Bishop with a rebound.
18:45 of 2nd period - Slapshot by Jordan Martinook.
18:45 of 2nd period - Shot Misses the Net.
18:47 of 2nd period - Wrist shot by Max Domi.
18:47 of 2nd period - Stopped by Ben Bishop without a rebound.
18:48 of 2nd period - Max Domi wins face-off versus Brayden Schenn in Ottawa Senators zone.
18:53 of 2nd period - Wrist shot by Max Domi.
18:53 of 2nd period - Stopped by Ben Bishop with a rebound.
18:55 of 2nd period - Slapshot by Jamie McGinn.
18:55 of 2nd period - Stopped by Ben Bishop without a rebound.
18:56 of 2nd period - Brayden Schenn wins face-off versus Max Domi in Ottawa Senators zone.
19:31 of 2nd period - Alex Goligoski is hit by Brandon Saad and loses puck.
Goals for this period are 1 for Arizona Coyotes vs 1 for Ottawa Senators.
Shots for this period are 13 for Arizona Coyotes vs 20 for Ottawa Senators.

3rd period


0:01 of 3rd period - Brayden Schenn wins face-off versus Max Domi in neutral zone.
0:06 of 3rd period - Slapshot by Erik Karlsson.
0:06 of 3rd period - Shot Blocked by Johnny Boychuk.
0:09 of 3rd period - Icing by Alex Goligoski.
0:10 of 3rd period - Max Domi wins face-off versus Nikita Kucherov in Arizona Coyotes zone.
0:19 of 3rd period - Wrist shot by Max Domi.
0:19 of 3rd period - Deflect By Anthony Duclair.
0:19 of 3rd period - Shot Misses the Net.
0:19 of 3rd period - Puck is out of play.
0:20 of 3rd period - Charlie Coyle wins face-off versus Max Domi in Ottawa Senators zone.
0:20 of 3rd period - Dylan Larkin is hit by Jamie McGinn and loses puck.
0:47 of 3rd period - Alex Goligoski is hit by Brayden Schenn.
0:55 of 3rd period - Snap shot by Leon Draisaitl.
0:55 of 3rd period - Stopped by Ben Bishop without a rebound.
0:56 of 3rd period - Jordan Martinook wins face-off versus Michael Cammalleri in Ottawa Senators zone.
0:56 of 3rd period - Jordan Martinook is hit by Nail Yakupov.
1:15 of 3rd period - Minor Penalty to Nail Yakupov for Hooking.
1:16 of 3rd period - Leon Draisaitl wins face-off versus Jean-Gabriel Pageau in Ottawa Senators zone.
1:24 of 3rd period - Snap shot by Leon Draisaitl.
1:24 of 3rd period - Shot Misses the Net.
1:26 of 3rd period - Slapshot by Johnny Boychuk.
1:26 of 3rd period - Goal by Johnny Boychuk - Arizona Coyotes : 4 - Ottawa Senators : 1.
1:27 of 3rd period - Dylan Larkin wins face-off versus Max Domi in neutral zone.
1:38 of 3rd period - Wrist shot by Charlie Coyle.
1:38 of 3rd period - Shot Misses the Net.
1:40 of 3rd period - Slapshot by Cody Ceci.
1:40 of 3rd period - Shot Misses the Net.
1:52 of 3rd period - Dion Phaneuf is hit by Johnny Boychuk and loses puck.
2:01 of 3rd period - Slapshot by Chris Wideman.
2:01 of 3rd period - Shot Misses the Net.
2:17 of 3rd period - Johnny Boychuk is hit by Chris Wideman and loses puck.
2:38 of 3rd period - Slapshot by Johnny Boychuk.
2:38 of 3rd period - Stopped by Ben Bishop without a rebound.
2:39 of 3rd period - Leon Draisaitl wins face-off versus Dylan Larkin in Ottawa Senators zone.
3:01 of 3rd period - Icing by Thomas Hickey.
3:02 of 3rd period - Jean-Gabriel Pageau wins face-off versus Leon Draisaitl in Arizona Coyotes zone.
3:15 of 3rd period - Slapshot by Erik Karlsson.
3:15 of 3rd period - Shot Misses the Net.
3:17 of 3rd period - Slapshot by Tom Pyatt.
3:17 of 3rd period - Shot Misses the Net.
3:26 of 3rd period - Off-side.
3:27 of 3rd period - Nikita Kucherov wins face-off versus Max Domi in neutral zone.
3:32 of 3rd period - Wrist shot by Brayden Schenn.
3:32 of 3rd period - Shot Misses the Net.
3:34 of 3rd period - Snap shot by Sami Vatanen.
3:34 of 3rd period - Stopped by Louis Domingue without a rebound.
3:35 of 3rd period - Dylan Larkin wins face-off versus Max Domi in Arizona Coyotes zone.
4:06 of 3rd period - Wrist shot by Mark Stone.
4:06 of 3rd period - Stopped by Louis Domingue without a rebound.
4:07 of 3rd period - Brayden Schenn wins face-off versus Leon Draisaitl in Arizona Coyotes zone.
4:16 of 3rd period - Snap shot by Nikita Kucherov.
4:16 of 3rd period - Stopped by Louis Domingue without a rebound.
4:17 of 3rd period - Leon Draisaitl wins face-off versus Michael Cammalleri in Arizona Coyotes zone.
4:19 of 3rd period - Minor Penalty to Tomas Hertl for Tripping.
4:20 of 3rd period - Brayden Schenn wins face-off versus Max Domi in Arizona Coyotes zone.
6:19 of 3rd period - Penalty to Tomas Hertl is over, Tomas Hertl is back on ice.
6:33 of 3rd period - Wrist shot by Tomas Hertl.
6:33 of 3rd period - Stopped by Ben Bishop with a rebound.
6:35 of 3rd period - Snap shot by Tomas Hertl.
6:35 of 3rd period - Shot Misses the Net.
6:37 of 3rd period - Snap shot by Jordan Martinook.
6:37 of 3rd period - Shot Blocked by Erik Karlsson.
6:39 of 3rd period - Snap shot by Anthony Duclair.
6:39 of 3rd period - Shot Blocked by Erik Karlsson.
6:41 of 3rd period - Slapshot by Alex Goligoski.
6:41 of 3rd period - Shot Blocked by Erik Karlsson.
6:47 of 3rd period - Slapshot by Anthony Duclair.
6:47 of 3rd period - Deflect By Tomas Hertl.
6:47 of 3rd period - Stopped by Ben Bishop with a rebound.
7:03 of 3rd period - Johnny Boychuk is hit by Michael Cammalleri and loses puck.
7:14 of 3rd period - Jean-Gabriel Pageau is hit by Jordan Martinook and loses puck.
7:25 of 3rd period - Wrist shot by Anthony Duclair.
7:25 of 3rd period - Stopped by Ben Bishop without a rebound.
7:26 of 3rd period - Dylan Strome wins face-off versus Brayden Schenn in Ottawa Senators zone.
7:59 of 3rd period - Icing by Dylan Larkin.
8:00 of 3rd period - Leon Draisaitl wins face-off versus Dylan Larkin in Ottawa Senators zone.
8:19 of 3rd period - Wrist shot by Christian Fischer.
8:19 of 3rd period - Shot Misses the Net.
8:21 of 3rd period - Snap shot by Adam Clendening.
8:21 of 3rd period - Stopped by Ben Bishop without a rebound.
8:22 of 3rd period - Dylan Strome wins face-off versus Brayden Schenn in Ottawa Senators zone.
8:25 of 3rd period - Wrist shot by Dylan Strome.
8:25 of 3rd period - Shot Hit the Post.
8:27 of 3rd period - Slapshot by Luke Schenn.
8:27 of 3rd period - Shot Misses the Net.
8:35 of 3rd period - Slapshot by Thomas Hickey.
8:35 of 3rd period - Stopped by Ben Bishop without a rebound.
8:36 of 3rd period - Jean-Gabriel Pageau wins face-off versus Zac Rinaldo in Ottawa Senators zone.
8:36 of 3rd period - Jean-Gabriel Pageau is hit by Jordan Martinook.
8:48 of 3rd period - Slapshot by Tom Pyatt.
8:48 of 3rd period - Stopped by Louis Domingue with a rebound.
8:51 of 3rd period - Icing by Adam Clendening.
8:52 of 3rd period - Tyson Jost wins face-off versus Jordan Martinook in Arizona Coyotes zone.
8:53 of 3rd period - Slapshot by Michael Cammalleri.
8:53 of 3rd period - Stopped by Louis Domingue without a rebound.
8:54 of 3rd period - Max Domi wins face-off versus Michael Cammalleri in Arizona Coyotes zone.
9:01 of 3rd period - Wrist shot by Max Domi.
9:01 of 3rd period - Shot Misses the Net.
9:03 of 3rd period - Snap shot by Jamie McGinn.
9:03 of 3rd period - Deflect By Tyson Jost.
9:03 of 3rd period - Stopped by Ben Bishop without a rebound.
9:04 of 3rd period - Jean-Gabriel Pageau wins face-off versus Max Domi in Ottawa Senators zone.
9:09 of 3rd period - Slapshot by Dion Phaneuf.
9:09 of 3rd period - Stopped by Louis Domingue with a rebound.
9:33 of 3rd period - Snap shot by Max Domi.
9:33 of 3rd period - Shot Misses the Net.
9:35 of 3rd period - Snap shot by Johnny Boychuk.
9:35 of 3rd period - Shot Misses the Net.
10:04 of 3rd period - Snap shot by Max Domi.
10:04 of 3rd period - Shot Misses the Net.
10:06 of 3rd period - Snap shot by Max Domi.
10:06 of 3rd period - Stopped by Ben Bishop with a rebound.
10:08 of 3rd period - Snap shot by Max Domi.
10:08 of 3rd period - Stopped by Ben Bishop without a rebound.
10:09 of 3rd period - Jordan Martinook wins face-off versus Dylan Larkin in Ottawa Senators zone.
10:21 of 3rd period - Icing by Thomas Hickey.
10:22 of 3rd period - Michael Cammalleri wins face-off versus Jordan Martinook in Arizona Coyotes zone.
10:35 of 3rd period - Slapshot by Thomas Hickey.
10:35 of 3rd period - Shot Misses the Net.
10:42 of 3rd period - Icing by Brandon Saad.
10:43 of 3rd period - Dylan Larkin wins face-off versus Leon Draisaitl in Ottawa Senators zone.
10:50 of 3rd period - Slapshot by Erik Karlsson.
10:50 of 3rd period - Stopped by Louis Domingue without a rebound.
10:51 of 3rd period - Leon Draisaitl wins face-off versus Dylan Larkin in Arizona Coyotes zone.
10:57 of 3rd period - Icing by Sami Vatanen.
10:58 of 3rd period - Dylan Larkin wins face-off versus Jordan Martinook in Ottawa Senators zone.
11:03 of 3rd period - Jordan Martinook is hit by Dylan Larkin and loses puck.
11:10 of 3rd period - Snap shot by Charlie Coyle.
11:10 of 3rd period - Shot Misses the Net.
11:15 of 3rd period - Icing by Jordan Martinook.
11:16 of 3rd period - Michael Cammalleri wins face-off versus Jordan Martinook in Arizona Coyotes zone.
11:23 of 3rd period - Snap shot by Nail Yakupov.
11:23 of 3rd period - Stopped by Louis Domingue with a rebound.
11:25 of 3rd period - Slapshot by Chris Wideman.
11:25 of 3rd period - Deflect By Nick Cousins.
11:25 of 3rd period - Stopped by Louis Domingue without a rebound.
11:26 of 3rd period - Nail Yakupov wins face-off versus Anthony Duclair in Arizona Coyotes zone.
11:53 of 3rd period - Slapshot by Tomas Hertl.
11:53 of 3rd period - Shot Blocked by Michael Cammalleri.
11:55 of 3rd period - Wrist shot by Tomas Hertl.
11:55 of 3rd period - Shot Blocked by Michael Cammalleri.
11:57 of 3rd period - Wrist shot by Adam Clendening.
11:57 of 3rd period - Shot Blocked by Thomas Chabot.
11:59 of 3rd period - Slapshot by Adam Clendening.
11:59 of 3rd period - Stopped by Ben Bishop without a rebound.
12:00 of 3rd period - Jordan Martinook wins face-off versus Dylan Larkin in Ottawa Senators zone.
12:01 of 3rd period - Snap shot by Thomas Hickey.
12:01 of 3rd period - Deflect By Jordan Martinook.
12:01 of 3rd period - Stopped by Ben Bishop with a rebound.
12:03 of 3rd period - Wrist shot by Nick Cousins.
12:03 of 3rd period - Stopped by Ben Bishop without a rebound.
12:04 of 3rd period - Jordan Martinook wins face-off versus Dylan Larkin in Ottawa Senators zone.
12:15 of 3rd period - Wrist shot by Jordan Martinook.
12:15 of 3rd period - Shot Misses the Net.
12:19 of 3rd period - Snap shot by Nick Cousins.
12:19 of 3rd period - Stopped by Ben Bishop with a rebound.
13:35 of 3rd period - Snap shot by Nick Cousins.
13:35 of 3rd period - Deflect By Zac Rinaldo.
13:35 of 3rd period - Shot Misses the Net.
13:35 of 3rd period - Puck is out of play.
13:36 of 3rd period - Max Domi wins face-off versus Jean-Gabriel Pageau in Ottawa Senators zone.
13:49 of 3rd period - Slapshot by Chris Wideman.
13:49 of 3rd period - Shot Blocked by Adam Clendening.
14:35 of 3rd period - Wrist shot by Mark Stone.
14:35 of 3rd period - Deflect By Nikita Kucherov.
14:35 of 3rd period - Shot Misses the Net.
14:35 of 3rd period - Puck is out of play.
14:36 of 3rd period - Jean-Gabriel Pageau wins face-off versus Max Domi in Arizona Coyotes zone.
14:39 of 3rd period - Snap shot by Jean-Gabriel Pageau.
14:39 of 3rd period - Stopped by Louis Domingue without a rebound.
14:40 of 3rd period - Max Domi wins face-off versus Jean-Gabriel Pageau in Arizona Coyotes zone.
14:40 of 3rd period - Max Domi is hit by Ryan Dzingel.
14:43 of 3rd period - Minor Penalty to Jamie McGinn for Holding.
14:44 of 3rd period - Brayden Schenn wins face-off versus Max Domi in Arizona Coyotes zone.
14:56 of 3rd period - Luke Schenn is hit by Brayden Schenn and loses puck.
15:09 of 3rd period - Dylan Larkin is hit by Christian Fischer and loses puck.
15:14 of 3rd period - Wrist shot by Christian Fischer.
15:14 of 3rd period - Stopped by Ben Bishop without a rebound.
15:15 of 3rd period - Dylan Larkin wins face-off versus Christian Fischer in Ottawa Senators zone.
15:42 of 3rd period - Snap shot by Leon Draisaitl.
15:42 of 3rd period - Goal by Leon Draisaitl - Arizona Coyotes : 5 - Ottawa Senators : 1.
15:43 of 3rd period - Max Domi wins face-off versus Brayden Schenn in neutral zone.
15:50 of 3rd period - Brayden Schenn is hit by Luke Schenn and loses puck.
16:07 of 3rd period - Leon Draisaitl is hit by Mark Stone and loses puck.
16:43 of 3rd period - Penalty to Jamie McGinn is over, Jamie McGinn is back on ice.
17:03 of 3rd period - Wrist shot by Jordan Martinook.
17:03 of 3rd period - Deflect By Nick Cousins.
17:03 of 3rd period - Shot Blocked by Jean-Gabriel Pageau.
17:03 of 3rd period - Puck is out of play.
17:04 of 3rd period - Michael Cammalleri wins face-off versus Dylan Strome in Ottawa Senators zone.
17:14 of 3rd period - Thomas Chabot is hit by Adam Clendening and loses puck.
17:29 of 3rd period - Chris Wideman is hit by Max Domi and loses puck.
17:36 of 3rd period - Wrist shot by Anthony Duclair.
17:36 of 3rd period - Stopped by Ben Bishop without a rebound.
17:37 of 3rd period - Brayden Schenn wins face-off versus Nick Cousins in Ottawa Senators zone.
17:37 of 3rd period - Brayden Schenn is hit by Alex Goligoski.
17:45 of 3rd period - Dion Phaneuf is hit by Alex Goligoski and loses puck.
18:01 of 3rd period - Icing by Dylan Larkin.
18:02 of 3rd period - Dylan Larkin wins face-off versus Max Domi in Ottawa Senators zone.
18:31 of 3rd period - Luke Schenn is hit by Jean-Gabriel Pageau and loses puck.
18:55 of 3rd period - Slapshot by Alex Goligoski.
18:55 of 3rd period - Shot Misses the Net.
18:57 of 3rd period - Slapshot by Alex Goligoski.
18:57 of 3rd period - Shot Blocked by Sami Vatanen.
19:07 of 3rd period - Dion Phaneuf is hit by Dylan Strome and loses puck.
19:46 of 3rd period - Erik Karlsson is hit by Christian Fischer and loses puck.
Goals for this period are 2 for Arizona Coyotes vs 0 for Ottawa Senators.
Shots for this period are 18 for Arizona Coyotes vs 10 for Ottawa Senators.